AoeStats
← GreatPerson25

Arena

507641416Analyzed
4v4 RM · 12d ago on Sep 19, 2026· 38m 42s· 8 players
Game mode
Random Map
Map size
Large (8 player)
Population
200
Speed
Normal
Resources
Standard
Victory
Conquest
Starting age
Dark Age
Ending age
Imperial Age
RankedLock teamsTeams togetherTeam positionsShared explorationLock speedFull tech treeHidden civsTurbo modeCheats
Victory
Defeat
🇺🇸 Persians · United States
1441
+16
🇧🇷 Teutons · Brazil
1425
+17
🇺🇸 Khmer · United States
1411
+17
🇨🇳 Mongols · China
1393
+18
🇹🇼 Celts · Taiwan
1495
-19
🇦🇷 Vikings · Argentina
1492
-19
🇹🇼 Persians · Taiwan
1465
-18
🇲🇽 Burgundians · Mexico
1321
-12
GreatPerson25
9:30 Feudal Age
13:04 Castle Age
11:40 Double-Bit Axe
18:33 Loom
32:54 Bow Saw
33:04 Horse Collar
34:29 Heavy Plow
38:34 Gold Mining
bobross
10:28 Feudal Age
13:29 Castle Age
12:45 Double-Bit Axe
12:50 Horse Collar
25:47 Scale Barding Armor
28:13 Chain Barding Armor
28:26 Forging
29:01 Bloodlines
28:51 Husbandry
30:46 Iron Casting
30:41 Bow Saw
35:23 Imperial Age
33:55 Fletching
35:20 Loom
36:13 Wheelbarrow
Tylenol
8:49 Feudal Age
8:46 Loom
10:42 Fletching
24:07 Castle Age
22:18 Double-Bit Axe
22:15 Horse Collar
25:37 Wheelbarrow
25:13 Bow Saw
25:04 Heavy Plow
27:44 Hand Cart
27:55 Gold Mining
32:56 Imperial Age
31:31 Scale Mail Armor
31:41 Forging
31:03 Pikeman
32:14 Squires
34:39 Two-Man Saw
34:10 Crop Rotation
35:12 Chemistry
34:01 Halberdier
35:35 Chain Mail Armor
37:03 Plate Mail Armor
39:19 Iron Casting
185双开门
10:26 Feudal Age
11:35 Double-Bit Axe
14:38 Castle Age
12:24 Horse Collar
15:42 Bow Saw
16:57 Wheelbarrow
17:57 Loom
24:28 Hand Cart
24:00 Town Watch
26:17 Stone Mining
26:17 Gold Mining
27:37 Stone Shaft Mining
27:37 Gold Shaft Mining
27:45 Bloodlines
27:35 Husbandry
27:41 Scale Barding Armor
27:46 Forging
28:12 Heavy Plow
31:36 Imperial Age
29:49 Chain Barding Armor
30:04 Iron Casting
30:35 Iron Casting
31:42 Elite Steppe Lancer
31:46 Capped Ram
34:19 Blast Furnace
33:51 Conscription
33:52 Drill
32:55 Siege Ram
33:18 Light Cavalry
34:00 Town Patrol
35:05 Siege Engineers
34:52 Fletching
36:04 Chemistry
35:24 Ballistics
36:01 Hussar
KINGUARDIANS
10:35 Feudal Age
9:07 Double-Bit Axe
9:43 Horse Collar
14:51 Castle Age
13:54 Bow Saw
13:46 Heavy Plow
17:51 Wheelbarrow
17:02 Town Watch
18:18 Forging
18:37 Loom
20:34 Scale Barding Armor
22:20 Hand Cart
21:51 Town Watch
24:17 Gold Mining
24:20 Stone Mining
25:58 Iron Casting
26:39 Husbandry
27:32 Chain Barding Armor
28:37 Ballistics
31:11 Imperial Age
29:24 Gold Shaft Mining
29:57 Two-Man Saw
28:23 Cavalier
29:46 Fletching
30:05 Burgundian Vineyards
29:49 Light Cavalry
32:04 Stone Shaft Mining
32:07 Crop Rotation
34:20 Blast Furnace
33:30 Treadmill Crane
33:34 Paladin
35:28 Masonry
36:12 Plate Barding Armor
35:58 Hussar
37:00 Bodkin Arrow
39:12 Chemistry
38:22 Fortified Wall
38:55 Town Patrol
詠詩詩詩
9:12 Feudal Age
9:29 Loom
10:10 Man-at-Arms
23:04 Double-Bit Axe
23:00 Horse Collar
31:21 Castle Age
32:48 Bow Saw
32:39 Heavy Plow
34:11 Coinage
JINJIN
10:34 Feudal Age
9:51 Loom
14:11 Castle Age
12:23 Double-Bit Axe
12:59 Gold Mining
15:02 Bow Saw
19:48 Ballistics
31:43 Wheelbarrow
30:50 Horse Collar
31:02 Stone Mining
mung bean cake
11:24 Feudal Age
15:05 Castle Age
13:20 Double-Bit Axe
14:08 Scale Barding Armor
13:45 Horse Collar
14:08 Gold Mining
15:35 Bloodlines
16:10 Loom
19:42 Chain Barding Armor
20:20 Bow Saw
23:24 Wheelbarrow
24:25 Heavy Plow
34:09 Imperial Age
31:50 Husbandry
32:01 Forging
32:43 Gold Shaft Mining
32:00 Stone Mining
32:32 Hand Cart
32:03 Town Watch
33:54 Iron Casting
35:12 Plate Barding Armor
34:19 Elite War Elephant
35:35 Masonry
Connection lost

Rejoining the realm…

Still unreachable

The connection could not be restored.

Session expired

The server has moved on; the page needs a fresh start.